 Dungeon Crawl Stone Soup version 0.27-a0-789-g6bb3289e1e (webtiles) character file.

Game seed: 961567138760083801

88 rageheart7 the Charlatan (level 4, 0/39 HPs)
             Began as a Deep Dwarf Artificer on Mar 26, 2021.
             Slain by a kobold
             ... wielding a +0 short sword
              (3 damage)
             ... on level 2 of the Dungeon.
             The game lasted 00:03:08 (903 turns).

rageheart7 the Charlatan (Deep Dwarf Artificer)      Turns: 903, Time: 00:03:08

Health: 0/39       AC:  3    Str: 17    XL:     4   Next: 29%
Magic:  3/3        EV: 11    Int: 11    God:
Gold:   147        SH:  0    Dex: 13    Spells: 3/3 levels left

rFire    . . .     SeeInvis .   a - +0 club
rCold    . . .     Faith    .   (no shield)
rNeg     . . .     Spirit   .   b - +0 leather armour
rPois    .         Reflect  .   (no helmet)
rElec    .         Harm     .   (no cloak)
rCorr    .         Rampage  .   (no gloves)
Will     .....                  (no boots)
Stlth    +.........             (no amulet)
HPRegen  0.00/turn              (no ring)
MPRegen  0.08/turn              (no ring)

@: non-regenerating
A: damage resistance, heal wounds, sense surroundings 1, no regeneration
a: Heal Wounds


You were on level 2 of the Dungeon.
You visited 1 branch of the dungeon, and saw 2 of its levels.

You collected 147 gold pieces.

Inventory:

Hand Weapons
 a - a +0 club (weapon)
Armour
 b - a +0 leather armour (worn)
Wands
 d - a wand of charming (15)
 e - a wand of random effects (14)
Scrolls
 f - a scroll of enchant armour {unknown}
 g - 2 scrolls of noise {unknown}
 h - 2 scrolls of identify {unknown}
 i - a scroll of magic mapping {unknown}


   Skills:
 + Level 2.0 Fighting
 * Level 2.7 Maces & Flails
 - Level 2.1 Armour
 - Level 1.1 Dodging
 - Level 1.2 Stealth
 + Level 4.8 Evocations


You had 3 spell levels left.
You didn't know any spells.
Your spell library was empty.

Dungeon Overview and Level Annotations

Branches:
Dungeon (2/15)

Altars:
Qazlal


Innate Abilities, Weirdness & Mutations

You are resistant to damage.
You can heal yourself by infusing magical energy.
You passively map a small area around you.
You do not regenerate.


Message History

Aim: a worm The worm is outlined in light.
A nearby plant withers and dies.
The worm bites you!
You hit the worm.
The worm is moderately wounded.
You hit the worm.
The worm is heavily wounded.
The worm closely misses you.
You hit the worm.
The worm is heavily wounded.
The worm completely misses you.
You hit the worm but do no damage.
The worm is heavily wounded.
You hit the worm but do no damage.
The worm is heavily wounded.
The worm stops glowing.
The worm misses you.
You hit the worm.
The worm is severely wounded.
The kobold barely misses you. The worm closely misses you.
You hit the worm but do no damage.
The worm is severely wounded.
The kobold hits you with a +0 short sword.
* * * LOW HITPOINT WARNING * * *
You hit the worm but do no damage.
The worm is severely wounded.
The kobold hits you with a +0 short sword.
* * * LOW HITPOINT WARNING * * *
The worm barely misses you.
You hit the worm.
The worm is severely wounded.
The kobold closely misses you.
You hit the worm but do no damage.
The worm is severely wounded.
The kobold hits you with a +0 short sword.
* * * LOW HITPOINT WARNING * * *
The worm closely misses you.
You hit the worm.
The worm is severely wounded.
The kobold hits you with a +0 short sword.
You die...

* * ##.###'## ≈ * * #.# #.#
,,, #..*#.# , ** , .##.# ,*
*♣♣♣♣## ..#.# ≈ ≈♣P≈P<# *
#.#.# ,≈≈..# ### #.#.# ♣≈
♣Pw#...## ####.#.# ♣≈≈ *
♣@#.#..###......# *
*♣≈.♣♣♣♣##K#P...P...###..# #
♣..P♣........♣≈..P..##..# #.
♣≈≈♣....P..≈≈♣≈≈≈.♣.#..##
#..♣♣.≈♣.......≈≈≈≈.≈........
#............♣≈≈≈≈♣.P...#..##
...?......P...♣≈♣≈...P..#....
,.P........♣....♣.♣..........#
P≈≈...#######♣..P..P#####...#


You could see a worm and a kobold.

Vanquished Creatures
  A gnoll (D:1)
  5 adders (D:2)
  A worm (D:2)
  3 dart slugs
  4 ball pythons
  2 endoplasms
  2 goblins (D:1)
  A quokka (D:1)
  4 bats
  2 frilled lizards (D:1)
  2 kobolds
  2 rats
29 creatures vanquished.

Vanquished Creatures (others)
  2 plants (D:2)
2 creatures vanquished.

Grand Total: 31 creatures vanquished

Notes
Turn   | Place    | Note
-------+----------+-------------------------------------------
     0 | D:1      | rageheart7 the Deep Dwarf Artificer began the quest for the
                  | Orb.
     0 | D:1      | Reached XP level 1. HP: 16/16 MP: 1/1
   108 | D:1      | Reached skill level 1 in Fighting
   141 | D:1      | Reached skill level 1 in Maces & Flails
   228 | D:1      | Reached XP level 2. HP: 21/25 MP: 2/2
   466 | D:1      | Reached XP level 3. HP: 17/31 MP: 3/3
   729 | D:2      | Reached XP level 4. HP: 37/39 MP: 3/3
   743 | D:2      | Found a stormy altar of Qazlal.
   903 | D:2      | Slain by a kobold

Illustrated notes

Levels and vault maps discovered:
D:1:      dpeg_arrival_refuge, layout_loops_ring
D:2:      layout_basic, nicolae_overflow_crystal_walls, serial_bayou,
          serial_bayou_pond_a, serial_bayou_lagoon_a, serial_bayou_crossing,
          serial_bayou_pond_b, serial_bayou_pond_b,
          chequers_ecumenical_altar_simple_redux, minmay_hexomino_f4,
          uniq_jessica

Skill      XL: |  1  2  3  4 |
---------------+-------------+-----
Fighting       | 1 2 |  2.0
Maces & Flails | 1 2 |  2.7
Armour         | |  2.1
Dodging        | |  1.1
Stealth        | |  1.2
Evocations     | |  4.8

Action                   |  1- 3 |  4- 6 || total
-------------------------+-------+-------++-------
Melee: Club              |    70 |    40 ||   110
 Abil: Heal Wounds       |     2 |       ||     2
Evoke: Wand              |    14 |     2 ||    16
 Stab: Sleeping          |     1 |       ||     1
Armor: Leather armour    |    29 |    12 ||    41
Dodge: Dodged            |    42 |    29 ||    71

Table legend: (Time is in decaauts)
 A = Elapsed time spent in this place.
 B = Non-inter-level travel time spent in this place.
 C = Inter-level travel time spent in this place.
 D = Time resting spent in this place.
 E = Time spent auto-exploring this place.
 F = Levels seen in this place.
 G = Mean time per level.
                   A        B        C        D        E       F      G
               +--------+--------+--------+--------+--------+-----+--------+
         Total |    926 |    895 |     31 |      0 |    625 |   2 |  463.0 |
       Dungeon |    926 |    895 |     31 |      0 |    625 |   2 |  463.0 |
               +--------+--------+--------+--------+--------+-----+--------+

Top non-repeatable levels by time:
     D:1: 629 daAuts
     D:2: 296 daAuts
